 Dungeon Crawl Stone Soup version 0.28-b1-70-g80dc712255 (webtiles) character file.

Game seed: 13877819810088497315

12 crazypyro the Skirmisher (level 2, -1/48 HPs)
             Began as an Ogre Berserker on Feb 3, 2022.
             Was a Follower of Trog.
             Slain by Sigmund (2 damage)
             ... on level 2 of the Dungeon.
             The game lasted 00:00:16 (30 turns).

crazypyro the Skirmisher (Ogre Berserker)             Turns: 30, Time: 00:00:17

Health: -1/48      AC:  3    Str: 20    XL:     2   Next: 33%
Magic:  2/2        EV: 10    Int:  8    God:    Trog [*.....]
Gold:   0          SH:  0    Dex:  8    Spells: 1/1 levels left

rFire   . . .      SeeInvis .   a - +0 mace
rCold   . . .      Faith    .   (no shield)
rNeg    . . .      Spirit   .   b - +0 animal skin
rPois   .          Reflect  .   (helmet restricted)
rElec   .          Harm     .   (no cloak)
rCorr   .          Rampage  .   (gloves unavailable)
Will    .....                   (boots unavailable)
Stlth   ..........              (no amulet)
HPRegen 0.16/turn               (no ring)
MPRegen 0.08/turn               (no ring)

@: berserking, very quick
A: large, unfitting armour, tough skin 1
a: Renounce Religion, Berserk


You were on level 2 of the Dungeon.
You worshipped Trog.
Trog was aware of your devotion.
You visited 1 branch of the dungeon, and saw 2 of its levels.

Inventory:

Hand Weapons
 a - a +0 mace (weapon)
Armour
 b - a +0 animal skin (worn)


   Skills:
 + Level 4.3 Fighting
 * Level 3.0 Maces & Flails
 + Level 2.9 Dodging


You had one spell level left.
You didn't know any spells.
Your spell library was empty.

Dungeon Overview and Level Annotations

Branches:
Dungeon (1/15)

Altars:

Shops:
D:1 *

Annotations:
D:2 Sigmund


Innate Abilities, Weirdness & Mutations

You are too large for most types of armour.
You have tough skin. (AC +1)


Message History

Sigmund is nearby!
Sigmund points at you and mumbles some strange words.
The puff of flame hits you!
A rat comes into view.
Found a stone staircase leading down.
A gnoll comes into view. It is wielding a +0 flail.
A gnoll comes into view. It is wielding a +0 whip.
Found a stone staircase leading up.
The gnoll shouts!
A gnoll comes into view. It is wielding a +0 club.
The gnoll shouts!
A ball python comes into view.
The gnoll barely misses you.
You barely miss the gnoll.
The ball python hisses angrily.
The gnoll hits you with a +0 flail.
You sock the gnoll! Your punch misses the gnoll.
The gnoll is severely wounded.
The gnoll barely misses you. x2
You barely miss the gnoll.
The gnoll is severely wounded.
The gnoll closely misses you. The gnoll hits you with a +0 whip.
The rat bites you but does no damage.
You sock the gnoll!
You kill the gnoll!
Trog accepts your kill. The gnoll misses you.
The gnoll hits you with a +0 club!
* * * LOW HITPOINT WARNING * * *
The rat bites you but does no damage. The ball python closely misses you.
An orc comes into view. It is wielding a +0 short sword.
The gnoll closely misses you.
Your Maces & Flails skill increases to level 3!
You have reached level 2!
A red film seems to cover your vision as you go berserk!
You feel yourself moving faster!
You feel mighty! The gnoll hits you with a +0 club.
* * * LOW HITPOINT WARNING * * *
The rat barely misses you. The ball python closely misses you.
Sigmund hits you from afar with a +0 scythe.
You die...

....### .# .......
.## .>.....#...
.......... .........#
......... #####..
..........####g......
.....
...#..@r@S...<.o
.....#
..#.###.g####..
........ #.#.#...##
......#.##.#.#.#####
..@...@.............
....................
.......#............
.....#............
#..#............


You could see Sigmund, 2 gnolls, an orc, a ball python and a rat.

Vanquished Creatures
  A gnoll (D:2)
  A goblin (D:1)
  A kobold (D:1)
3 creatures vanquished.

Notes
Turn   | Place    | Note
-------+----------+-------------------------------------------
     0 | D:1      | crazypyro the Ogre Berserker began the quest for the Orb.
     0 | D:1      | Reached XP level 1. HP: 24/24 MP: 1/1
     3 | D:1      | Found Buril's General Store.
    10 | D:1      | You fall into a shaft and drop 1 floor!
    11 | D:2      | Noticed Sigmund
    30 | D:2      | Reached XP level 2. HP: 3/32 MP: 2/2
    30 | D:2      | HP: 1/48 [gnoll (4)]
    30 | D:2      | Slain by Sigmund

Illustrated notes

Levels and vault maps discovered:
D:1:      amcnicky_arrival_underground_garden, layout_loops_cross, serial_shops,
          nicolae_shop_stone, nicolae_shop_competitors_out_of_business, shop
D:2:      layout_rooms, uniq_sigmund

Skill      XL: |  1 |
---------------+----+-----
Maces & Flails | 3 |  3.0
Fighting       | |  4.3
Dodging        | |  2.9

Action                   || total
-------------------------++-------
Melee: Mace              ||     7
Invok: Berserk           ||     1
Armor: Animal skin       ||     3
Dodge: Dodged            ||    10
